 Seeded DCSS version 0.30-a0-857-gcaf70739d4 (webtiles) character file.

Game seed: 17480305079282353609 (custom seed)

192 Mickster the Covered (level 5, -1/45 HPs)
             Began as a Demigod Fighter on Mar 6, 2023.
             Slain by a gnoll
             ... wielding a +0 flail
              (2 damage)
             ... on level 3 of the Dungeon.
             The game lasted 00:19:05 (2115 turns).

Mickster the Covered (Demigod Fighter)              Turns: 2115, Time: 00:19:05

Health: -1/45      AC: 11    Str: 21    XL:     5   Next: 19%
Magic:  7/7        EV:  7    Int: 10    God:
Gold:   130        SH:  4    Dex: 13    Spells: 4/4 levels left

rFire   . . .      SeeInvis .    k - +1 club (spect)
rCold   . . .      Faith    .    c - +0 buckler
rNeg    . . .      Spirit   .    n - +1 chain mail
rPois   .          Reflect  .    f - +0 helmet
rElec   .          Rampage  .    (no cloak)
rCorr   .                        (no gloves)
Will    .....                    (no boots) Stlth
                                 (no amulet)
HPRegen 0.27/turn                (no ring)
MPRegen 0.10/turn                (no ring)

@: no status effects
A: high MP 1, forlorn, divine attributes
a: no special abilities


You were on level 3 of the Dungeon.
You visited 1 branch of the dungeon, and saw 3 of its levels.

You collected 130 gold pieces.

Inventory:

Hand Weapons
 a - a +0 war axe
 j - a +0 sling of freezing
 k - a +1 spectral club (weapon)
Missiles
 e - 19 stones (quivered)
 g - 2 javelins
Armour
 b - a +1 scale mail
 c - a +0 buckler (worn)
 f - a +0 helmet (worn)
 n - a +1 chain mail (worn)
Scrolls
 m - a scroll of teleportation
Potions
 i - a potion of berserk rage


   Skills:
 + Level 3.3 Fighting
 - Level 3.1(3.2) Axes
 * Level 1.2(2.3) Maces & Flails
 + Level 3.6 Armour
 + Level 0.5 Dodging
 + Level 0.1 Stealth
 + Level 3.3 Shields


You had 4 spell levels left.
You didn't know any spells.
Your spell library contained the following spells:

 Spells                   Type           Power      Damage    Failure   Level
 Summon Small Mammal      Summ           0%         N/A       99%         1
 Call Canine Familiar     Summ           0%         N/A       100%        3
 Summon Guardian Golem    Hex/Summ       0%         N/A       100%        3


Dungeon Overview and Level Annotations

Branches:
Dungeon (3/15)


Innate Abilities, Weirdness & Mutations

You have an increased reservoir of magic. (+10% MP)
You shall have no god before yourself.
Your divine heritage dramatically boosts your attributes as you level up.


Message History

You struggle against the net.
A gnoll comes into view. It is wielding a +0 flail.
You struggle against the net.
The gnoll shouts!
You struggle against the net.
The gnoll hits you from afar with a +0 halberd.
You rip the net and break free!
The gnoll hits you but does no damage. The gnoll hits you but does no damage.
You hit the gnoll.
The gnoll is moderately wounded.
The gnoll barely misses you. x2
You hit the gnoll.
The gnoll is severely wounded.
The gnoll hits you from afar with a +0 halberd!
The gnoll hits you with a +0 halberd!
You hit the gnoll but do no damage.
The gnoll is severely wounded.
You block the gnoll's attack. The gnoll hits you with a +0 halberd.
You hit the gnoll.
You kill the gnoll!
The gnoll barely misses you.
You closely miss the gnoll.
The gnoll hits you from afar with a +0 halberd.
The gnoll hits you with a +0 flail.
* * * LOW HITPOINT WARNING * * *
You block the gnoll's attack. The gnoll hits you but does no damage.
You hit the gnoll.
The gnoll is lightly wounded.
The gnoll closely misses you. The gnoll hits you with a +0 flail.
* * * LOW HITPOINT WARNING * * *
You hit the gnoll but do no damage.
The gnoll is lightly wounded.
The gnoll completely misses you. The gnoll hits you with a +0 flail.
* * * LOW HITPOINT WARNING * * *
You barely miss the gnoll.
The gnoll is lightly wounded.
The gnoll hits you from afar with a +0 halberd!
* * * LOW HITPOINT WARNING * * *
The gnoll hits you with a +0 flail.
You die...

#.# #.# #.#
#.# ##.###
...(
##.#####g###.#
#....g@......#
#..#.###.#####
# #.# #<# #.#
... ####. ..
.#


You could see 2 gnolls.

Vanquished Creatures
  Jessica (D:2)
  Natasha (thrice) (D:2)
  A gnoll (D:3)
  3 adders (D:2)
  A dart slug (D:1)
  3 bats (D:2)
  8 endoplasms
  3 giant cockroaches
  3 goblins
  5 hobgoblins
  4 jackals (D:2)
  4 kobolds
  2 quokkas (D:2)
  7 ball pythons
  2 frilled lizards
  A rat (D:2)
51 creatures vanquished.

Notes
Turn   | Place    | Note
-------+----------+-------------------------------------------
     0 | D:1      | Mickster the Demigod Fighter began the quest for the Orb.
     0 | D:1      | Reached XP level 1. HP: 18/18 MP: 3/3
   432 | D:1      | Reached XP level 2. HP: 17/25 MP: 4/4
   962 | D:2      | Noticed Natasha
   975 | D:2      | Killed Natasha
   976 | D:2      | Reached XP level 3. HP: 15/31 MP: 5/5
  1420 | D:2      | Noticed Jessica
  1429 | D:2      | Killed Jessica
  1430 | D:2      | Reached XP level 4. HP: 35/38 MP: 6/6
  1589 | D:2      | Noticed Natasha
  1615 | D:2      | Killed Natasha
  1623 | D:2      | Noticed Natasha
  1632 | D:2      | Killed Natasha
  1633 | D:2      | Reached skill level 1 in Maces & Flails
  1633 | D:2      | Reached XP level 5. HP: 5/45 MP: 7/7
  2115 | D:3      | HP: 1/45 [gnoll/+0 halberd (7)]
  2115 | D:3      | Slain by a gnoll

Illustrated notes

Levels and vault maps discovered:
D:1:      lemuel_arrival_broad_hall, layout_basic
D:2:      layout_loops_ring, basic_altar, hellmonk_ecumenical_altar_lost_god,
          minmay_three_crescents, uniq_jessica, uniq_natasha
D:3:      layout_basic, chequers_jeans

Skill      XL: |  1  2  3  4 |
---------------+-------------+-----
Axes           | 2 3 |  3.1
Fighting       | 3 |  3.3
Armour         | 3 |  3.6
Shields        | 3 |  3.3
Maces & Flails | 1 |  1.2
Dodging        | |  0.5
Stealth        | |  0.1

Action                     |  1- 3 |  4- 6 || total
---------------------------+-------+-------++-------
  Melee: War axe           |    90 |       ||    90
         Club              |       |    72 ||    72
    Use: Scroll            |     5 |     3 ||     8
         Potion            |     4 |     2 ||     6
 Armour: Scale mail        |    38 |    39 ||    77
         Chain mail        |       |    13 ||    13
  Dodge: Dodged            |    37 |    55 ||    92
  Block: Buckler           |    20 |    27 ||    47

Table legend: (Time is in decaauts)
 A = Elapsed time spent in this place.
 B = Non-inter-level travel time spent in this place.
 C = Inter-level travel time spent in this place.
 D = Time resting spent in this place.
 E = Time spent auto-exploring this place.
 F = Levels seen in this place.
 G = Mean time per level.
                   A        B        C        D        E       F      G
               +--------+--------+--------+--------+--------+-----+--------+
         Total |   2168 |   2126 |     42 |    699 |      0 |   3 |  722.7 |
       Dungeon |   2168 |   2126 |     42 |    699 |      0 |   3 |  722.7 |
               +--------+--------+--------+--------+--------+-----+--------+

Top non-repeatable levels by time:
     D:2: 1310 daAuts
     D:1: 839 daAuts
     D:3: 18 daAuts
